[Event "US Masters 2022"]
[Site "Charlotte"]
[Date "2022.11.24"]
[Round "1.9"]
[White "Yoo, Christopher Woojin"]
[Black "Mishra, Prateek"]
[Result "1-0"]
[ECO "C52"]
[WhiteElo "2573"]
[BlackElo "2213"]
[Annotator "TA"]
[PlyCount "145"]
[EventDate "2022.11.23"]
[EventType "swiss"]
[EventCountry "USA"]
[SourceTitle "playchess.com"]
[Source "ChessBase"]
[SourceQuality "1"]
[TimeControl "5400+30"]

1. e4 e5 2. Nf3 Nc6 3. Bc4 Bc5 4. b4 Bxb4 5. c3 Ba5 6. d4 d6 7. Qb3 Qd7 8. O-O $1 {[%emt 0:00:46][%mdl 4] now scores much better than the old 8.dxe5.} Bb6 $1 {[%emt 0:04:27] C52: Evans Gambit Accepted: 5 c3 Ba5.} 9. Bb5 {[%emt 0:01:26] Strongly threatening d5.} a6 {[%emt 0:04:55] Prevents d5.} (9... exd4 10. cxd4 Kf8 11. d5 $14) 10. Ba4 {[%emt 0:00:11] And now d5 would win.} Ba7 $1 {[%emt 0:04:37] The position is equal.} (10... exd4 11. cxd4 Kf8 12. d5 $14) 11. Qb2 (11. d5 b5 12. dxc6 Qxc6 $17) 11... b5 12. Bc2 Rb8 13. Be3 Qe7 14. a4 b4 $36 {[%emt 0:16:08][%mdl 2048] Black is pushing.} 15. a5 bxc3 $1 16. Qxc3 Nxd4 17. Nxd4 exd4 18. Bxd4 Bxd4 19. Qxd4 Nf6 {[%emt 0:05:51] [#]} 20. Qa7 $146 (20. Nc3 $11 {keeps the balance.}) ({Predecessor:} 20. Nc3 O-O 21. Nd5 Nxd5 22. exd5 Rb5 23. Bd3 Rc5 24. Rfc1 Rd8 25. Rxc5 dxc5 26. Qc4 h6 27. Rb1 Qd6 28. Rb8 Rf8 {½-½ (28) Monotua,R (2234)-Eldridge,M (2261) FICGS email 2017}) 20... Rb4 $1 $17 21. Ba4+ Kd8 22. Bc6 (22. Nd2 $15) 22... Qe5 ({And not} 22... Nxe4 23. Na3 $15) 23. Nd2 Qd4 ({Don't take} 23... Ng4 24. Nf3 Qc5 25. Qxc5 dxc5 26. Rac1 $14) (23... Qc3 $17 24. e5 Qxc6 25. exf6 gxf6) 24. Qxd4 $11 Rxd4 25. Nf3 Rc4 26. Rac1 Rxc1 27. Rxc1 Bd7 28. e5 Bxc6 29. Rxc6 dxe5 (29... Kd7 $5 30. Rxa6 Rb8 $11) 30. Rxa6 {[%emt 0:01:35][%mdl 4096] Endgame aiming for Ra8+. KRN-KRN} Re8 31. Ra8+ Kd7 32. Rxe8 Nxe8 33. Nxe5+ {[%emt 0:00:51] KN-KN} Kd6 34. a6 {[%emt 0:03:40] Hoping for a7.} c6 $2 {[%emt 0:00:10] [#]} (34... Kxe5 $2 35. a7 $18) (34... c5 $11 {and Black has nothing to worry.} 35. a7 (35. Nxf7+ Kc7 $14) 35... Nc7 36. Nxf7+ Kc6) 35. Nxf7+ $2 (35. a7 $1 $18 {[%cal Ra7a8] and the rest is easy.} Nc7 36. Nxf7+ Kd7 37. Kf1) 35... Kc7 $16 36. a7 Kb7 {[%emt 0:00:59] Inhibits a8Q+.} 37. Nd8+ Kxa7 38. Nxc6+ Kb6 39. Ne5 Kc5 40. Kf1 Kd5 41. Ng4 Ke4 42. Ke2 Nc7 43. f3+ Kd4 44. Ne3 {[%emt 0:02:01] Black must now prevent Nf5+.} Ne6 45. g3 Ke5 46. Kd3 g5 47. Nc4+ Kd5 48. Ne3+ Ke5 49. Ng2 h5 50. h4 gxh4 51. Nxh4 Nc5+ 52. Ke2 Kd4 $2 {[%emt 0:00:39][%mdl 8192] Black is on the road to losing.} (52... Ne6 $14) 53. Nf5+ $18 Ke5 54. Ng7 h4 55. gxh4 Kf4 56. Nh5+ Kf5 57. Kf2 Ne6 58. Kg3 (58. Ng3+ $142 Ke5 59. Ne2 Kf6 60. f4 Kg6 61. Kg2 Nd8 62. Ng3 Kf6 63. Kf3) 58... Nd4 59. Nf4 Nc6 60. Ng2 Ne5 61. Ne3+ Kg6 62. Ng4 (62. f4 $142 Nf7 63. f5+ Kh5 64. Ng4 Nd6 65. Nf6+ Kh6 66. Kf4 Nc8 67. Ke4 Nd6+ 68. Ke5 Nf7+ 69. Ke6 Nd8+ 70. Kd7) 62... Nd3 63. Nf2 Nc1 64. Kg4 Ne2 65. h5+ Kh6 66. Ne4 Nd4 67. Ng3 Ne6 68. Nf5+ Kh7 69. Kg3 Ng5 70. Kf4 Nf7 71. Kg4 Ne5+ {[%emt 0:00:19] [#]} 72. Kg3 $1 {[%emt 0:00:07] f4 would kill now.} Nd7 73. Kh4 {[%emt 0:00:20] Weighted Error Value: White=0.12 (very precise) /Black=0.33} (73. Kf4 $142 Nc5 74. Kg5) 1-0

[Event "US Masters 2022"]
[Site "Charlotte"]
[Date "2022.11.24"]
[Round "1.11"]
[White "Ramirez, Alejandro"]
[Black "Ouellet, Maili-Jade"]
[Result "1-0"]
[ECO "B21"]
[WhiteElo "2561"]
[BlackElo "2204"]
[Annotator "TA"]
[PlyCount "157"]
[EventDate "2022.11.23"]
[EventType "swiss"]
[EventCountry "USA"]
[SourceTitle "playchess.com"]
[Source "ChessBase"]
[SourceQuality "1"]
[TimeControl "5400+30"]

1. e4 c5 2. d4 cxd4 3. Qxd4 Nc6 4. Qd3 Nf6 5. Nc3 d6 6. Nf3 {[%emt 0:00:35] B21: Sicilian: 2 f4 and Morra Gambit.} a6 7. Be2 {[%emt 0:03:16] 7.Nd5 injects fresh life into this line.} Bg4 8. O-O {[%emt 0:00:39] [#] The position is equal.} g6 $146 ({Predecessor:} 8... e6 9. Bf4 Qc7 10. Rad1 Rd8 11. h3 Bxf3 12. Qxf3 Be7 13. Qg3 O-O 14. Bh6 Ne8 {½-½ (40) Hovhannisyan,R (2634)-Sychev,K (2545) Skopje 2019}) 9. Nd5 Bg7 10. Bg5 Nxd5 11. exd5 Bxf3 $1 12. Qxf3 (12. Bxf3 {simplifies} Ne5 13. Qb3 Nxf3+ 14. Qxf3 O-O 15. Rae1) 12... Nd4 13. Qe4 h6 14. Bd2 Nxe2+ 15. Qxe2 O-O 16. c3 Re8 17. a4 Rc8 18. Be3 Qc7 19. Rfd1 Qc4 20. Qd2 Kh7 21. a5 e5 22. dxe6 Rxe6 23. Qc2 d5 24. Ra4 {[%emt 0:00:57] Against d4} Qb5 25. Raa1 d4 26. Bxd4 Bxd4 (26... Re2 {is interesting.} 27. Rd2 Qxa5 28. Rad1 Rxd2 29. Rxd2 Rd8) 27. Rxd4 Re2 {[%emt 0:00:36] Inhibits b4.} 28. Rd2 Rce8 29. Qd1 {[%emt 0:09:29] Inhibits Re1+.} Rxd2 30. Qxd2 $11 {[%emt 0:00:11][%mdl 4096] Endgame KQR-KQR} Re2 {[%emt 0:00:08] Against b4} 31. Qf4 Qb3 32. h4 Rxb2 33. h5 Rb1+ 34. Rxb1 Qxb1+ {[%emt 0:00:06] KQ-KQ} 35. Kh2 Qb3 36. c4 Kg7 37. Qd4+ Kh7 38. hxg6+ (38. Qd5 $5 Kg7 $8 39. Qd4+ Kg8 40. Qd8+ Kg7 41. Qd4+ $11) 38... fxg6 39. Qc5 Qb2 40. Kg3 Qg7 41. Kf4 Qd7 42. Qd5 Qe7 43. g4 Qc7+ 44. Ke4 Qe7+ 45. Qe5 Qd7 46. f3 Qf7 47. Qd5 Qe7+ 48. Qe5 Qf7 49. Qd5 Qe7+ 50. Kd4 Qg7+ 51. Kd3 Qe7 52. c5 Qc7 53. Kd4 Qg7+ 54. Ke4 Qe7+ 55. Qe5 Qf7 56. Qd6 h5 57. gxh5 gxh5 58. f4 h4 59. f5 h3 60. Qd3 Qh5 (60... h2 $5 61. Qh3+ $8 Kg8 62. Qxh2 Qc4+ 63. Ke5 (63. Kf3 Qc3+ 64. Kf4 Qd4+ 65. Kf3 Qc3+ 66. Ke4 Qc4+ 67. Kf3 Qc3+ $11) 63... Qxc5+ 64. Ke4 Qc6+ 65. Kd4 Qd7+ 66. Ke4 Qc6+ 67. Ke3 Qc3+ 68. Ke4 Qb4+ 69. Kf3 Qc3+ 70. Ke4 Qe1+ 71. Kf4 Qxa5 72. Qg2+ Kf8 73. Qxb7 Kg8 $11) 61. Qd7+ Kh6 {[%emt 0:00:33] And now ...Qg4+ would win.} 62. Qe6+ (62. Qxb7 $2 {is the wrong capture.} Qg4+ 63. Kd3 (63. Ke5 $2 h2 $19) 63... Qxf5+ 64. Ke2 h2 $19) 62... Kh7 {[%emt 0:02:54] aiming for ...Qe2+.} 63. Qe7+ Kh8 {[%emt 0:00:33] ( -> ...Qe2+)} 64. f6 Qg6+ $2 {[%emt 0:01:02][%mdl 8192] White now steadily converts the win.} (64... Qg5 $11 65. Qd6 (65. Qxb7 {is a self mate.} Qg2+ 66. Kf4 Qxb7 67. c6 Qb8+ 68. Kf5 Qc8+ 69. Kf4 h2 70. f7 h1=Q 71. Ke5 Qc7+ 72. Kf5 Qf3+ 73. Kg6 Qcxc6+ 74. Kg5 Qcf6#) 65... Qg6+ 66. Ke3 Qh6+ 67. Kf2 Qh4+ 68. Kf1 Qc4+ 69. Kf2 Qh4+ 70. Kg1 Qg5+ 71. Kf2 Qh4+) 65. Ke5 $1 h2 {[%emt 0:00:38] [#]} 66. f7 $1 ({And not} 66. Qxb7 Qh5+ 67. Ke6 Qe8+ 68. Kf5 Qh5+ 69. Ke6 Qe8+ 70. Kf5 Qh5+ 71. Ke6 $11) 66... Qxf7 67. Qxf7 h1=Q {[%emt 0:01:40] KQ-KQ} 68. Qe8+ (68. Qf6+ $142 Kg8 69. Qb6 Qh2+ 70. Ke6 Qd2 71. Qc7 Qh6+ 72. Kd7 Qh3+ 73. Kd8) 68... Kg7 {[%emt 0:00:00] [#]} 69. Kd6 $1 Kf6 70. Qe6+ (70. Qe5+ $142 Kg6 71. Qe6+ Kg5 72. Kc7 Kf4 73. Kb8 Qh8+ 74. Kxb7 Qh7+ 75. Kxa6 Qd3+ 76. Ka7 Qh7+ 77. Kb6 Qb1+ 78. Kc7) 70... Kg7 71. Kc7 {[%emt 0:00:00] White mates.} Qf3 72. Qe7+ Kg8 73. Kb8 Qc3 74. Qc7 Kf8 75. Kxb7 Qc4 76. c6 Ke8 77. Qe5+ Kf7 78. c7 Qb3+ 79. Ka7 {[%emt 0:00:14] Weighted Error Value: White=0.04 (flawless) /Black=0.03 (flawless)} 1-0

[Event "US Masters 2022"]
[Site "Charlotte"]
[Date "2022.11.24"]
[Round "1.12"]
[White "Eidelman, Gabriel"]
[Black "Cordova, Emilio"]
[Result "0-1"]
[ECO "E39"]
[WhiteElo "2197"]
[BlackElo "2561"]
[Annotator "TA"]
[PlyCount "86"]
[EventDate "2022.11.23"]
[EventType "swiss"]
[EventCountry "USA"]
[SourceTitle "playchess.com"]
[Source "ChessBase"]
[SourceQuality "1"]
[TimeControl "5400+30"]

1. d4 Nf6 2. c4 e6 3. Nc3 Bb4 4. Qc2 c5 5. dxc5 O-O 6. a3 Bxc5 7. Nf3 a6 {[%emt 0:00:41] 7...d5 is becoming the main line. E39: Nimzo-Indian: Classical: 4...c5 5 dxc5 0-0.} 8. Bg5 Be7 9. e4 d6 {[%emt 0:00:07] White is slightly better.} 10. Be2 Nbd7 11. O-O b6 12. Rad1 Qc7 13. Rfe1 Bb7 14. Bf1 Rac8 {[%emt 0:00:39] [#]} 15. Nd2 $146 ({Predecessor:} 15. h3 Qb8 16. Rd2 Rfe8 17. Bf4 e5 18. Bg5 h6 19. Bh4 Rc7 20. Qb1 Bc6 21. a4 {½-½ (44) Mohr,S (2530)-Csom,I (2545) Debrecen 1989}) 15... Rfe8 16. Qd3 h6 17. Bf4 Ne5 18. Qe2 Bf8 19. Bg3 Ng6 20. h3 Be7 21. Rc1 Bd8 22. Qd3 Be7 23. Be2 Qb8 24. b4 Red8 25. Qe3 Nd7 26. f4 (26. Red1 $11) 26... a5 (26... e5 $1 $15 27. f5 Bg5) 27. Kh1 (27. Qf2 $14) 27... Qa8 ({Black should play} 27... e5 $11 28. f5 Bg5) 28. Nb5 (28. Bh5 $14) 28... e5 $11 {[%emt 0:07:28] White must now prevent ...exf4.} 29. f5 (29. Rcd1 $5 ) 29... Bg5 30. Qc3 Ne7 31. Bf3 Nf6 32. Rcd1 Bxd2 (32... axb4 {simplifies} 33. axb4 Bxd2 34. Rxd2 Bxe4 35. Rxd6 Nxf5 36. Rxd8+ Rxd8 37. Bxe5 Bxf3 38. Qxf3 Qxf3 39. gxf3 Nh5) 33. Rxd2 {[%emt 0:00:31] Bh4 is the strong threat.} Bxe4 {[%emt 0:00:44] Threatens to win with ...axb4.} (33... axb4 {simplifies} 34. axb4 Bxe4 35. Rxd6 Nxf5 36. Rxd8+ Rxd8 37. Bxe5 Bxf3 38. Qxf3 Qxf3 39. gxf3 Nh5) 34. Nxd6 {[%emt 0:02:25] [#]} (34. Rxd6 $11 axb4 35. axb4 Bxf3 36. Qxf3) 34... Rxd6 $1 $17 35. Rxd6 Nxf5 (35... Bxf3 {simplifies} 36. Qxf3 Qxf3 37. gxf3 Nxf5 38. Bxe5 Nxd6 39. Bxd6 axb4 40. Bxb4 Rxc4 41. Rd1 Nh5) 36. Bxe5 {[%emt 0:01:40] aiming for Rxf6.} (36. Rxb6 $2 {perishes.} Nxg3+ 37. Kh2 Nd5 38. Bxe4 Nxe4 $19) 36... Bxf3 (36... Nxd6 {simplifies} 37. Bxd6 Bxf3 38. Qxf3 Qxf3 39. gxf3 axb4 40. Bxb4 Rxc4 41. Rd1 Nh5) 37. Rd2 {[%emt 0:04:39][%mdl 8192] [#] This costs White the game.} (37. Qxf3 $17 Qxf3 38. gxf3 Nxd6 39. Bxd6) 37... Nh4 $1 $19 38. gxf3 Nxf3 39. Rg2 Rxc4 ({Avoid the trap} 39... Nxe1 $2 40. Qxe1 Rxc4 41. Kh2 $19) 40. Qa1 ({Don't blunder} 40. Rxg7+ $2 Kxg7 41. Bxf6+ Kf8 42. Bg7+ Kg8 $19) (40. Qxc4 $142 Nxe1 41. Qa2) 40... Nxe1 {[%emt 0:01:30] Black is clearly winning.} 41. Qxe1 Re4 42. Qg3 Nh5 43. Qc3 Re2 {[%emt 0:00:12] Weighted Error Value: White=0.57/Black=0.10 (very precise)} 0-1

[Event "US Masters 2022"]
[Site "Charlotte"]
[Date "2022.11.24"]
[Round "1.13"]
[White "Cruz, Cristhian"]
[Black "Rodriguez Rivera, Pedro"]
[Result "1-0"]
[ECO "D35"]
[WhiteElo "2552"]
[BlackElo "2195"]
[Annotator "TA"]
[PlyCount "69"]
[EventDate "2022.11.23"]
[EventType "swiss"]
[EventCountry "USA"]
[SourceTitle "playchess.com"]
[Source "ChessBase"]
[SourceQuality "1"]
[TimeControl "5400+30"]

1. d4 Nf6 2. c4 e6 3. Nc3 d5 4. cxd5 exd5 5. Bg5 Nbd7 6. e3 Bb4 7. Bd3 O-O 8. Nge2 c6 9. O-O {[%emt 0:01:15] D35: Queen's Gambit Declined: Exchange Variation.} h6 10. Bh4 Be7 11. f3 {[%emt 0:03:17] The position is equal.} Re8 12. Kh1 Nf8 13. Qc2 Nh5 14. Bf2 {[%emt 0:18:51] [#]} Nf6 $146 (14... Ne6 $11) ({Predecessor:} 14... g6 15. e4 dxe4 16. fxe4 Bh4 17. Bg1 Ng7 18. b4 Bg5 19. a4 b6 20. b5 Bd7 {1-0 (47) Butvilas,A (2103)-Barsciauskas,G (1575) Klaipeda 2020}) 15. Rad1 {[%emt 0:02:26] White is more active.} Qa5 16. Bg1 (16. a3 $16) 16... Be6 (16... c5 $14) 17. e4 $16 dxe4 18. fxe4 Rad8 19. Nf4 Bg4 20. Rde1 Bb4 21. a3 (21. Qf2 {is more complex.} Ne6 22. e5 Nd7 23. Nfe2) 21... Bxc3 22. bxc3 Qxa3 (22... Nh5 $142) 23. h3 Bc8 24. Re3 (24. c4 $142) 24... Qa5 {[%emt 0:05:24] A mistake that costs the game.} (24... Qe7 $16) 25. e5 $18 Nd5 26. Rg3 {[%emt 0:01:21] Strongly threatening Nh5.} Nxf4 27. Rxf4 Qc7 28. Be3 {[%emt 0:02:46][%mdl 1024] Black must now prevent Rf6. White has strong compensation.} Kh8 $2 (28... Re6 29. Bc4 Ng6) 29. Qf2 Re7 30. Rh4 {[%emt 0:05:19][%cal Oh4h6] Intending Rxh6+! and mate.} Re6 31. Bg5 {[%emt 0:01:54] This pair of bishops is nice.} Rg6 {[%emt 0:02:04] [#]} 32. Bxg6 (32. Bxh6 $142 $1 Bf5 33. Bxg7+ Kxg7 {[#]} 34. Qxf5 $1) 32... Nxg6 (32... fxg6 $142 33. Bxd8 Qxd8) 33. Bxd8 {[%emt 0:00:08] White threatens Rxh6+ and mate.} Qxd8 34. Qxf7 Qxh4 35. Rxg6 {[%emt 0:11:29] Weighted Error Value: White=0.42/Black=0.51} 1-0

[Event "US Masters 2022"]
[Site "Charlotte"]
[Date "2022.11.24"]
[Round "1.14"]
[White "Rutten, Alexander"]
[Black "Jacobson, Brandon"]
[Result "0-1"]
[ECO "B52"]
[WhiteElo "2190"]
[BlackElo "2551"]
[Annotator "TA"]
[PlyCount "52"]
[EventDate "2022.11.23"]
[EventType "swiss"]
[EventCountry "USA"]
[SourceTitle "playchess.com"]
[Source "ChessBase"]
[SourceQuality "1"]
[TimeControl "5400+30"]

1. e4 c5 2. Nf3 d6 3. Bb5+ Bd7 4. c4 Nf6 5. Nc3 g6 (5... a6 $5 6. Bxd7+ Nbxd7 $11) 6. O-O {[%emt 0:01:12] B52: Sicilian: Moscow Variation with 3...Bd7.} (6. Bxd7+ {simplifies} Nbxd7 7. O-O Bg7 8. d3) 6... Bg7 7. d4 cxd4 8. Nxd4 {[%emt 0:00:06] The position is equal.} Nc6 9. Re1 Nxd4 10. Qxd4 O-O {[%emt 0:00:05] [#]} 11. Bxd7 $146 (11. Qd3 $11) ({Predecessor:} 11. Qd3 Rc8 12. f3 a6 13. Bxd7 Nxd7 14. f4 Qa5 15. Re3 Qc5 16. Kh1 Qxc4 17. Qxc4 Rxc4 {0-1 (44) Sivarajasingam,S (1774)-Lauridsen,J (2247) Cardiff 2017}) 11... Nxd7 $15 12. Qe3 Rc8 13. Bd2 Rxc4 14. Qxa7 Nc5 {[%emt 0:00:22] [#] ...Bxc3 is the strong threat.} 15. Qa3 Bxc3 16. bxc3 Qd7 {[%emt 0:00:29] Hoping for ...Ra4.} ({And not} 16... Rxe4 17. Rxe4 Nxe4 18. Bh6 $17) 17. Bh6 Rc8 {[%emt 0:00:19] Strongly threatening ...Ra4.} 18. Rad1 Nxe4 ({Weaker is} 18... Rxe4 19. Rxe4 Nxe4 20. c4) 19. Rd4 {[%emt 0:01:11] [#] aiming for Rxc4.} Rxc3 20. Qb4 Nf6 21. Bg5 Qf5 22. Bxf6 Qxf6 $40 {[%emt 0:02:00][%mdl 128] Black has strong attack.} 23. Rf4 Qg7 ({Worse is} 23... Qg5 24. h4 Qd5 25. Rxe7 $17) 24. Qxb7 Rc1 25. Qxe7 (25. Rfe4) 25... Rxe1+ $19 26. Qxe1 Qe5 {[%emt 0:01:59] White got outplayed after the opening.   Weighted Error Value: White=0.35/Black=0.01 (flawless)} 0-1

[Event "US Masters 2022"]
[Site "Charlotte"]
[Date "2022.11.24"]
[Round "1.15"]
[White "Mishra, Abhimanyu"]
[Black "Shivakumar, Shawnak"]
[Result "1-0"]
[ECO "C43"]
[WhiteElo "2549"]
[BlackElo "2189"]
[Annotator "TA"]
[PlyCount "73"]
[EventDate "2022.11.23"]
[EventType "swiss"]
[EventCountry "USA"]
[SourceTitle "playchess.com"]
[Source "ChessBase"]
[SourceQuality "1"]
[TimeControl "5400+30"]

1. e4 e5 2. Nf3 Nf6 3. d4 Nxe4 4. Bd3 d5 5. Nxe5 Nd7 6. Nxd7 Bxd7 7. O-O Bd6 8. Nc3 $1 {[%emt 0:00:54][%mdl 4] is currently scoring better than 8.c4. C43: Petroff Defence: 3 d4.} Nxc3 9. bxc3 h5 {[%emt 0:00:17] [#]} 10. Rb1 $146 {[%emt 0:02:49] White is slightly better.} ({Predecessor:} 10. Re1+ Kf8 11. Qf3 Bg4 12. Qe3 Qf6 13. Rb1 b6 14. c4 dxc4 15. Bxc4 Bd7 16. Bd2 {1-0 (57) Vasquez Schroder,R (2506)-Paravyan,D (2617) Chess.com INT 2022}) 10... b6 (10... Qh4 11. g3 (11. Rxb7 $2 Qxh2#) 11... Qh3 12. Re1+ (12. Rxb7 Be6 $16) 12... Be6 13. Rxb7 $16) 11. c4 dxc4 12. Bxc4 Qf6 13. Re1+ Kf8 {[%emt 0:00:33] [#]} 14. Bg5 $1 $36 {[%emt 0:13:05][%mdl 2048] Black is under pressure.} Qf5 (14... Qxg5 $2 15. Qf3 Kg8 16. Qxf7+ (16. Qxa8+ Kh7 $16) 16... Kh7 17. Bd3+ (17. Qxd7 Rhf8 $18) 17... Kh6 18. Rb5 $3 $18 (18. Qxd7 g6 $18)) (14... Bxh2+ $2 15. Kxh2 Qd6+ 16. Kg1 $18) 15. Rb3 f6 (15... Qxg5 $2 16. Qf3 Kg8 17. Qxf7+ (17. Qxa8+ Kh7 $16) 17... Kh7 18. Qxd7 $18 (18. Bd3+ Kh6 $18)) (15... b5 $2 16. Rf3 Qg6 17. Bxf7 Qxf7 18. Rxf7+ Kxf7 19. Qf3+ Kg6 20. Bf4 $18) (15... Bc6 $5 16. Bc1 h4 $11) 16. h4 Re8 $1 (16... fxg5 $2 17. Rf3 g4 18. Rxf5+ Bxf5 19. Qd2 $18) 17. Rxe8+ Kxe8 ({Black should play} 17... Bxe8 $11 18. Rf3 Qe4) 18. Rf3 $1 $14 Qa5 (18... Qg6 $1 $14) 19. Qe2+ $1 $18 (19. Bd2 Qa4 20. Qe2+ Kd8 $11) 19... Kd8 {[%emt 0:00:56][%cal Be8d8,Bd8c8,Bc8b8,Bb8c7,Bc7c6][%mdl 32] [#]} 20. Rxf6 Kc8 {[%emt 0:00:58] [#]} 21. Qe4 $1 Kb8 {[%emt 0:02:55] [#] Prevents Qa8+.} 22. Rxd6 cxd6 23. Bf4 (23. Qe7 $16 Kc7 24. Bf7 (24. Qxg7 Re8 $16)) 23... Kc7 $11 24. Qe7 Qb4 25. Bf7 {[%emt 0:00:28][%cal Oc2c3] Against Re8. Hoping for c3! This pair of bishops is nice.} Qxd4 26. Be6 $1 {[%emt 0:05:13] The board is on fire.} Rd8 (26... Qxf4 $2 27. Qxd7+ Kb8 28. Bd5 (28. Qxg7 Re8 $15) 28... Qc1+ 29. Kh2 Qf4+ 30. Kg1 Qc1+ 31. Kh2 Qf4+ 32. g3 Qxf2+ 33. Bg2 $18) 27. g3 (27. Bg5 $5 Qa1+ $8 28. Kh2 Qe5+ 29. Kg1 Qe1+ 30. Kh2 Qe5+ 31. Kg1 $11) 27... Kc6 28. Qxd8 Bxe6 $14 {[%emt 0:00:03][%mdl 4096] Endgame KQB-KQB} 29. Qe8+ Bd7 30. Qxh5 Qa1+ 31. Kh2 Qxa2 32. Qg6 Qd5 33. Qxg7 Qc5 (33... Kc7 $11 {remains equal.}) 34. Be3 {[%emt 0:01:56] White is more active.} Qxc2 (34... Qf5 $16 {was worth a try.}) 35. h5 (35. g4 $18 {has better winning chances. And now h5 would win.} Qd1 36. Kg3 (36. Qc3+ Kb7 $15)) 35... Qf5 $16 36. h6 Kb5 $2 {[%emt 0:00:19][%mdl 8192] [#]} (36... Be6 $16) 37. g4 $1 {[%emt 0:01:57] Weighted Error Value: White=0.15 (very precise) /Black=0.20 (precise)} ({Weaker is} 37. h7 Qh5+ 38. Kg1 Qd1+ 39. Kh2 Qh5+ 40. Kg1 Qd1+ 41. Kh2 Qh5+ $11) 1-0

[Event "US Masters 2022"]
[Site "Charlotte"]
[Date "2022.11.24"]
[Round "1.16"]
[White "Liu, Eric"]
[Black "Schitco, Ivan"]
[Result "0-1"]
[ECO "C50"]
[WhiteElo "2182"]
[BlackElo "2532"]
[Annotator "TA"]
[PlyCount "94"]
[EventDate "2022.11.23"]
[EventType "swiss"]
[EventCountry "USA"]
[SourceTitle "playchess.com"]
[Source "ChessBase"]
[SourceQuality "1"]
[TimeControl "5400+30"]

1. e4 e5 2. Nf3 Nc6 3. Bc4 d6 4. O-O Be7 5. Re1 {[%emt 0:09:34] [#]} g5 $146 ({Predecessor:} 5... Nf6 6. Bb3 O-O 7. c3 Kh8 8. h3 Ng8 9. d4 Bf6 10. Be3 Na5 11. Bc2 Nc4 12. Bc1 {1-0 (55) Vorobiov,E (2534)-Dvalishvili,P (2477) Vladimir 2004}) 6. d3 {[%emt 0:04:13][%cal Of3g5] White wants to play Nxg5! C50: Hungarian Defence and Giuoco Pianissimo.} g4 7. Nfd2 h5 8. c3 {[%emt 0:03:39] White is slightly better.} Bg5 9. Nf1 (9. d4 {looks sharper.} exd4 10. Bb5 d3 11. e5) 9... Bxc1 10. Qxc1 Qf6 11. Nbd2 Nge7 12. Ne3 Qg7 13. b4 Bd7 14. Ndf1 h4 15. Bb3 g3 (15... O-O-O {simplifies} 16. Qa3 b6 17. Qa6+ Kb8) 16. fxg3 hxg3 17. Nxg3 Qh7 18. Nef1 Ng6 {[%emt 0:02:34] Against d4} 19. Qe3 Nce7 20. d4 f6 21. Rad1 Nf4 22. c4 Ne6 23. c5 {[%emt 0:04:46] And now cxd6 would win.} Nxd4 24. cxd6 cxd6 25. Rxd4 $1 exd4 26. Qxd4 {[%emt 0:00:08] Nf5 is the strong threat.} Nc6 27. Qxf6 Rf8 {[%emt 0:00:04] Prevents e5.} 28. Qxd6 O-O-O 29. b5 (29. Rc1 {seems wilder.} Bg4 30. Qc5 Kb8 31. Ne3) 29... Qe7 30. Qxe7 Nxe7 31. Rc1+ ({Better is} 31. a4 $16) 31... Kb8 $14 32. Rc5 Ng6 33. a4 Bc8 34. Bd5 Nf4 35. Ne3 Be6 (35... Nxd5 $11 36. Rxd5 (36. Nxd5 Be6 $11) 36... Rxd5 37. Nxd5 Be6) 36. Bxe6 Nxe6 37. Re5 Rd3 (37... Nf4 $14) 38. Ngf5 $16 Nf4 39. g3 $1 Rg8 {[%emt 0:02:52] [#]} 40. Kf1 $1 Nh3 41. a5 (41. Kg2 $16 Nf4+ 42. Kf1) 41... Rd2 $11 42. b6 axb6 {[%emt 0:00:05] Strongly threatening ...Rc8.} 43. axb6 {[%emt 0:00:01] [#]} (43. Nc4 $1 $11 {keeps the balance.} Rf2+ 44. Ke1 bxa5 45. Nfd6 Rxh2 46. Re7 Rh1+ 47. Kd2 Rh2+ 48. Ke1 Rh1+ 49. Kd2 Rh2+ 50. Ke1) 43... Rc8 $1 $17 {[%emt 0:02:16] ( -> ...Rc1+)} 44. Ke1 Rxh2 {[%emt 0:01:14] aiming for ...Rc1+.} 45. Nd6 $2 (45. Nd1 $15) 45... Rc1+ $19 46. Nd1 {[%emt 0:00:02] [#]} Rxd1+ $1 {[%emt 0:00:14][%mdl 576] Deflection} 47. Kxd1 Nf2+ {[%emt 0:00:05] Weighted Error Value: White=0.28 (precise) /Black=0.12 (very precise)} 0-1